Map: Port Aleksander LE

Players

Lambo - Winner!

  • Race: Zerg Zerg
  • League: Master
  • Spawn Location: 11:00

Harstem

  • Race: Protoss Protoss
  • League: Grandmaster
  • Spawn Location: 5:00

VOD

Have the link to the VOD?

Description

Time

  • Played on: Nov. 28, 2018, 7:05 a.m.
  • Length: 18:11
Show
View Real Time Build Order
Export as new Build Order

Lambo Zerg - Winner!

Build Orders: Hatch First, Brood Lord Corruptor 

Get SALT Encoding   

  12  0:00  Drone  
  13  0:13  Overlord  
  13  0:17  Drone  
  14  0:31  Drone x2  
  16  0:49  Hatchery  
  15  0:52  Drone  
  15  0:56  Drone  
  17  0:59  Drone  
  18  1:10  Extractor  
  17  1:14  Spawning Pool  
  17  1:18  Drone  
  17  1:21  Drone  
  18  1:29  Drone  
  19  1:39  Drone  
  20  1:50  Drone  
  21  2:01  Queen x2  
  21  2:02  Overlord, Zergling x2  
  26  2:10  Metabolic Boost  
  26  2:12  Drone  
  26  2:14  Drone  
  28  2:23  Drone  
  28  2:24  Drone  
  30  2:37  Hatchery  
  30  2:41  Drone x2  
  31  2:44  Drone  
  31  2:47  Overlord  
  32  2:55  Queen  
  34  2:58  Drone  
  35  3:06  Drone  
  35  3:10  Drone  
  35  3:11  Drone x2  
  35  3:12  Overlord  
  39  3:13  Drone  
  39  3:16  Drone x2  
  42  3:20  Drone x2  
  42  3:24  Overlord  
  44  3:36  Drone x2, Queen  
  48  3:44  Drone x3  
  48  3:46  Drone x2, Spore Crawler  
  52  3:51  Queen  
  52  3:52  Spore Crawler  
  52  3:55  Zergling x4  
  55  4:04  Drone, Overlord  
  55  4:05  Drone  
  55  4:08  Drone  
  58  4:12  Overlord  
  57  4:24  Drone x5  
  59  4:25  Lair  
  59  4:29  Drone  
  63  4:33  Zergling x4, Extractor, Roach Warren  
  63  4:35  Extractor  
  63  4:37  Drone x3  
  65  4:42  Overlord, Drone  
  65  4:43  Drone  
  65  4:45  Drone  
  68  4:46  Drone x2  
  68  4:49  Queen  
  68  4:50  Evolution Chamber  
  68  4:51  Overlord  
  71  4:55  Drone x2  
  71  4:58  Drone  
  71  4:59  Drone  
  74  5:00  Drone x2  
  74  5:03  Drone  
  77  5:08  Drone  
  77  5:10  Drone x2  
  80  5:14  Extractor  
  80  5:16  Extractor  
  78  5:26  Zerg Missile Weapons Level 1  
  89  5:36  Spore Crawler  
  89  5:37  Overlord x2  
  89  5:38  Overlord  
  89  5:39  Spore Crawler  
  89  5:41  Hydralisk Den  
  74  5:43  Queen x2  
  74  5:44  Drone  
  74  5:46  Drone x2  
  81  5:51  Overlord  
  81  5:52  Overlord, Spore Crawler  
  81  5:54  Drone  
  81  5:58  Drone x2  
  81  6:00  Drone x3  
  81  6:04  Drone x4, Extractor  
  90  6:05  Drone  
  90  6:11  Drone  
  91  6:12  Drone  
  91  6:16  Drone, Spore Crawler, Queen  
  92  6:18  Queen  
  92  6:21  Grooved Spines  
  92  6:24  Baneling Nest  
  84  6:26  Drone x3, Evolution Chamber  
  84  6:28  Drone  
  85  6:48  Drone x2  
  85  6:49  Drone  
  85  6:50  Hatchery  
  85  6:53  Hydralisk x7  
  100  7:03  Zerg Melee Weapons Level 1, Drone x2  
  100  7:04  Baneling Nest  
  100  7:05  Hydralisk x4  
  109  7:15  Hydralisk x2  
  109  7:16  Centrifical Hooks  
  109  7:18  Drone  
  114  7:25  Overlord x2  
  114  7:27  Overlord  
  114  7:33  Overlord  
  114  7:38  Zerg Missile Weapons Level 2  
  114  7:39  Overlord x2, Muscular Augments  
  114  7:40  Overseer  
  114  7:44  Overlord, Drone x4  
  114  7:45  Drone x3  
  121  7:52  Drone x3  
  121  7:53  Hydralisk x3  
  130  7:59  Hydralisk x3  
  130  8:00  Zergling x6  
  130  8:03  Drone x3  
  130  8:04  Extractor  
  141  8:05  Spore Crawler  
  141  8:08  Extractor  
  141  8:10  Hydralisk  
  141  8:11  Infestation Pit  
  140  8:18  Hydralisk x3  
  146  8:25  Hydralisk x3  
  150  8:33  Drone x3  
  151  8:34  Drone x5  
  151  8:35  Drone x4  
  158  8:42  Hydralisk x4  
  158  8:46  Overseer  
  158  8:48  Overseer  
  166  8:49  Hive  
  166  8:51  Spire  
  164  8:57  Hydralisk  
  164  8:58  Zergling x12  
  171  9:12  Hatchery  
  171  9:13  Hydralisk x2  
  171  9:15  Overlord  
  174  9:19  Drone, Spine Crawler  
  174  9:20  Drone  
  174  9:21  Drone, Spine Crawler x2  
  172  9:24  Overlord  
  172  9:27  Spine Crawler  
  172  9:30  Overlord, Zerg Melee Weapons Level 2  
  171  9:33  Baneling x12  
  171  9:37  Zergling x10  
  176  9:54  Zergling x20  
  176  9:55  Zergling x14  
  191  10:09  Hydralisk x3  
  197  10:19  Greater Spire  
  197  10:20  Pathogen Glands, Zerg Missile Weapons Level 3  
  197  10:32  Overlord  
  197  10:41  Hydralisk x3  
  200  10:49  Overlord  
  200  10:55  Overlord  
  199  11:09  Spire  
  199  11:11  Burrow  
  198  11:16  Neural Parasite  
  191  11:18  Extractor  
  191  11:23  Extractor  
  162  11:34  Corruptor x7  
  162  11:37  Corruptor x2  
  174  11:42  Pneumatized Carapace  
  172  11:53  Zerg Flyer Armor Level 1  
  163  11:56  Zerg Ground Armor Level 1  
  163  12:07  Drone x3  
  166  12:12  Infestor x2, Drone x6  
  166  12:13  Infestor x6  
  166  12:15  Brood Lord  
  190  12:16  Overseer  
  190  12:21  Overlord, Spine Crawler  
  190  12:22  Spine Crawler x2  
  187  12:25  Drone x9  
  195  12:31  Spine Crawler  
  195  12:35  Spore Crawler x3  
  195  12:36  Spore Crawler  
  190  12:37  Spore Crawler, Zerg Flyer Weapons Level 1  
  190  12:38  Spore Crawler x2  
  190  12:39  Spore Crawler  
  190  12:40  Brood Lord, Spore Crawler  
  190  12:41  Brood Lord x3  
  193  12:50  Infestor  
  195  12:56  Spine Crawler  
  195  12:58  Spine Crawler  
  193  12:59  Spine Crawler  
  192  13:10  Brood Lord x3, Overseer x4  
  192  13:34  Infestor x3  
  192  13:35  Infestor  
  200  14:00  Spine Crawler x2  
  200  14:02  Spine Crawler  
  197  14:04  Overseer  
  193  14:14  Corruptor x3  
  185  14:19  Overseer x3  
  185  14:20  Zerg Melee Weapons Level 3, Zerg Ground Armor Level 2  
  185  14:25  Overlord x2  
  185  14:26  Mutalisk  
  187  14:33  Infestor x4  
  173  14:59  Drone  
  166  15:00  Drone x7  
  166  15:01  Drone x2  
  166  15:02  Brood Lord x3, Overseer  
  180  15:07  Drone x5  
  180  15:10  Drone x3  
  180  15:11  Drone x3  
  190  15:16  Infestor x2  
  190  15:20  Infestor x19  
  194  15:22  Queen  
  194  15:41  Hydralisk x3  
  200  16:02  Overlord x2  
  200  16:03  Overlord  
  194  16:14  Hydralisk x3  
  194  16:15  Overseer x3  
  185  16:20  Zergling x10  
  185  16:21  Zergling x32  
  185  16:23  Drone x4  
  196  16:27  Overlord  
  196  16:31  Drone  
  196  16:32  Drone x2  
  199  16:41  Overseer x2  
  199  16:43  Infestor x19  
  199  16:48  Spire  
  196  16:58  Drone x3  
  196  16:59  Spire  
  189  17:16  Overseer  
  178  17:31  Infestor x16  
Show
View Real Time Build Order
Export as new Build Order

Harstem Protoss 

Build Orders: 1 Gate Expand, Oracle Opening, Phoenix Opening, Carriers, Chargelot Immortal, Mass Phoenix 

Get SALT Encoding   

  12  0:01  Probe  
  13  0:13  Probe  
  14  0:20  Pylon  
  14  0:25  Probe  
  15  0:35  Probe  
  16  0:43  Probe, Gateway  
  17  0:53  Assimilator, Probe  
  18  1:05  Probe  
  19  1:17  Probe  
  20  1:24  Nexus  
  20  1:34  Cybernetics Core  
  20  1:38  Probe  
  21  1:42  Assimilator  
  21  1:50  Probe  
  21  1:53  Pylon  
  22  2:02  Probe  
  22  2:05  Adept  
  23  2:14  Probe  
  26  2:17  Stargate  
  26  2:26  Probe  
  26  2:27  Warp Gate  
  27  2:32  Probe  
  27  2:33  Adept  
  27  2:34  Probe  
  30  2:40  Probe  
  30  2:42  Probe  
  31  2:46  Assimilator  
  31  2:50  Probe  
  33  2:54  Assimilator, Probe  
  35  3:02  Phoenix  
  35  3:04  Probe  
  38  3:08  Probe  
  39  3:16  Probe  
  39  3:18  Oracle  
  39  3:19  Gateway  
  40  3:20  Pylon, Probe  
  41  3:30  Probe  
  41  3:33  Probe  
  46  3:36  Pylon  
  46  3:42  Probe  
  46  3:44  Stargate  
  46  3:46  Probe  
  48  3:55  Probe  
  49  3:59  Probe  
  49  4:00  Pylon  
  49  4:02  Phoenix  
  52  4:07  Probe  
  53  4:11  Probe  
  54  4:19  Probe  
  54  4:20  Pylon  
  54  4:21  Phoenix  
  54  4:23  Probe  
  56  4:24  Phoenix  
  56  4:31  Probe  
  59  4:32  Adept  
  63  4:42  Phoenix  
  63  4:43  Nexus  
  63  4:49  Phoenix  
  67  4:53  Probe  
  67  4:54  Probe  
  69  5:03  Pylon  
  69  5:05  Probe  
  70  5:07  Phoenix, Probe  
  73  5:20  Probe  
  74  5:25  Probe  
  75  5:29  Forge  
  75  5:31  Twilight Council  
  75  5:32  Probe  
  75  5:33  Robotics Facility  
  76  5:37  Probe  
  77  5:44  Probe  
  77  5:49  Zealot, Sentry, Probe, Robotics Facility  
  83  5:51  Pylon  
  83  5:52  Pylon  
  83  5:54  Protoss Ground Weapons Level 1, Probe, Phoenix  
  83  5:56  Probe  
  86  5:57  Probe  
  86  6:02  Probe  
  88  6:04  Probe  
  88  6:05  Probe  
  91  6:12  Assimilator  
  91  6:13  Probe  
  91  6:14  Pylon  
  91  6:18  Assimilator  
  92  6:19  Charge  
  92  6:27  Probe, Immortal  
  92  6:29  Probe  
  92  6:30  Observer  
  95  6:37  Gateway  
  95  6:38  Gateway  
  95  6:39  Probe  
  100  6:40  Probe  
  100  6:41  Gateway  
  100  6:46  Gateway  
  101  6:55  Templar Archives  
  101  6:57  Gateway  
  101  7:02  Probe  
  101  7:03  Gateway  
  101  7:06  Photon Cannon  
  101  7:07  Gateway, Shield Battery  
  102  7:10  Immortal  
  104  7:21  Pylon  
  104  7:24  Probe  
  104  7:25  Pylon, Psionic Storm  
  104  7:27  Pylon  
  105  7:33  High Templar x4  
  113  7:38  Pylon  
  113  7:40  Pylon  
  113  7:41  Pylon  
  113  7:43  Pylon  
  113  7:44  Protoss Ground Weapons Level 2, Immortal  
  117  7:47  High Templar  
  119  7:51  Photon Cannon  
  119  7:52  Zealot x2  
  119  7:53  Pylon  
  123  7:59  Immortal  
  123  8:08  Zealot x2  
  131  8:14  Pylon  
  131  8:21  Fleet Beacon  
  131  8:23  Immortal  
  135  8:27  Immortal  
  135  8:48  Zealot x5  
  137  8:49  High Templar x2  
  137  8:50  Zealot  
  137  8:51  Zealot  
  137  8:52  Immortal  
  151  8:55  Archon  
  151  8:56  Protoss Air Weapons Level 1  
  151  8:57  Immortal  
  153  9:05  Pylon  
  157  9:15  Photon Cannon  
  153  9:26  Carrier  
  153  9:29  Nexus  
  151  9:31  Warp Prism  
  151  9:36  Carrier  
  163  9:41  Warp Prism  
  165  9:51  High Templar  
  165  9:52  Zealot x4, High Templar  
  173  10:00  Archon  
  173  10:01  Probe  
  173  10:06  Photon Cannon  
  174  10:10  Photon Cannon  
  174  10:16  Protoss Shields Level 1  
  174  10:19  Photon Cannon  
  174  10:20  Carrier  
  166  10:21  Assimilator  
  166  10:31  Carrier  
  176  10:44  Probe  
  176  10:47  Pylon, High Templar  
  176  10:49  Pylon  
  179  10:51  Protoss Air Weapons Level 2  
  175  11:05  Stargate  
  175  11:07  Assimilator  
  175  11:09  Photon Cannon x2  
  169  11:11  Photon Cannon, Shield Battery  
  169  11:13  Zealot  
  147  11:34  Probe  
  147  11:35  Zealot x8  
  164  11:42  Probe x2  
  164  11:46  Photon Cannon  
  164  11:49  Photon Cannon  
  164  11:50  Probe, Photon Cannon  
  165  11:57  High Templar  
  165  11:58  High Templar x3  
  165  11:59  High Templar x2  
  165  12:00  Zealot x2  
  165  12:01  Probe  
  182  12:05  Archon x2  
  182  12:08  Probe  
  182  12:10  Pylon x2  
  182  12:12  Shield Battery  
  183  12:18  Carrier x2  
  174  12:40  Photon Cannon  
  174  12:41  Shield Battery  
  174  12:42  Shield Battery, Oracle  
  174  12:43  High Templar x2  
  178  12:48  Archon  
  178  12:55  Zealot x5  
  188  13:19  Oracle  
  191  13:22  Carrier  
  191  13:26  Mothership  
  181  13:36  High Templar  
  183  13:49  Zealot x3  
  183  13:50  Photon Cannon  
  183  13:51  Zealot  
  183  13:52  Photon Cannon  
  183  13:54  Photon Cannon  
  191  13:56  Shield Battery  
  191  14:03  Zealot  
  191  14:04  Zealot x3  
  191  14:05  Protoss Air Weapons Level 3  
  195  14:14  Zealot x3  
  199  14:24  Protoss Shields Level 2  
  188  14:54  Observer x2  
  186  15:15  Observer  
  186  15:20  Tempest  
  191  15:26  Tempest  
  177  15:30  Tempest  
  178  15:36  Zealot x5  
  178  15:37  Zealot x4  
  194  16:04  Tempest  
  192  16:13  High Templar  
  192  16:15  High Templar  
  192  16:33  Oracle  
  195  16:49  Nexus, Photon Cannon  
  195  16:50  Photon Cannon  
  195  16:52  Photon Cannon  
  195  16:53  Pylon  
  187  16:57  Carrier x2  
  193  17:02  High Templar x3  
  193  17:08  Pylon  
  195  17:09  Pylon  
  195  17:12  High Templar  
  172  17:44  High Templar x5  
  173  17:46  Zealot x4  
Tags
 
Add a new tag
Caveats
  • Supply blocks, unpowered buildings, or Contaminate may cause inaccurate times.
  • Supply counts are checked every 10 seconds.